 Dungeon Crawl Stone Soup version 0.22.1-2-g9c5b331 (webtiles) character file.

49 Keyn the Skirmisher (level 3, 0/33 HPs)
             Began as a Draconian Chaos Knight on Dec 16, 2018.
             Slain by a hobgoblin
             ... wielding a +0 club
              (2 damage)
             ... on level 2 of the Dungeon.
             The game lasted 00:04:55 (895 turns).

Keyn the Skirmisher (Draconian Chaos Knight)         Turns: 895, Time: 00:04:55

Health: 0/33       AC:  5    Str: 15    XL:     3   Next: 53%
Magic:  3/3        EV: 12    Int: 12    God:    Xom [.....*]
Gold:   55         SH:  0    Dex: 10    Spells: 2/2 levels left

rFire    . . .     SeeInvis .   a - +0 spear (chaos)
rCold    . . .     Gourm    .   (no shield)
rNeg     . . .     Faith    .   (armour unavailable)
rPois    .         Spirit   .   (helmet restricted)
rElec    .         Reflect  .   (no cloak)
rCorr    .         Harm     .   (no gloves)
MR       .....                  (no boots)
Stlth    +.........             (no amulet)
HPRegen  0.11/turn              (no ring)
MPRegen  0.08/turn              (no ring)

@: no status effects
A: unfitting armour, cold-blooded, AC +5
a: Renounce Religion


You were on level 2 of the Dungeon.
You worshipped Xom.
You were Xom's teddy bear.
You were not hungry.

You visited 1 branch of the dungeon, and saw 2 of its levels.

You collected 55 gold pieces.

Inventory:

Hand Weapons
 a - a +0 spear of chaos (weapon)
Armour
 f - a +0 leather armour
Scrolls
 d - a scroll of remove curse {unknown}
 g - a scroll of identify {unknown}
 h - a scroll of enchant armour {unknown}
 k - a scroll of magic mapping {unknown}
Potions
 c - 2 potions of magic {unknown}
 e - a potion of mutation {unknown}
 i - a potion of curing {unknown}
 j - 2 potions of agility {unknown}
Comestibles
 b - 3 rations


   Skills:
 + Level 4.1 Fighting
 + Level 3.5 Polearms
 + Level 2.5 Dodging
 + Level 0.4 Stealth


You had 2 spell levels left.
You didn't know any spells.
Your spell library was empty.

Dungeon Overview and Level Annotations

Branches:
Dungeon (2/15)

Altars:

Annotations:
D:2 Sigmund


Innate Abilities, Weirdness & Mutations

Your plain brown scales are hard. (AC +5)
You cannot fit into any form of body armour.
You are cold-blooded and may be slowed by cold attacks.


Message History

The puff of flame hits you!
* * * LOW HITPOINT WARNING * * *
The hobgoblin completely misses you. Something hits you but does no damage.
The hobgoblin hits you with a club.
* * * LOW HITPOINT WARNING * * *
Something completely misses you. The hobgoblin closely misses you.
You closely miss the hobgoblin.
The hobgoblin is heavily wounded.
The hobgoblin closely misses you. x2
You hit the hobgoblin.
The hobgoblin is poisoned.
You tail-slap the hobgoblin.
The hobgoblin is heavily wounded.
Something hits you.
* * * LOW HITPOINT WARNING * * *
The hobgoblin closely misses you.
You hit the hobgoblin. You freeze the hobgoblin.
The hobgoblin is severely wounded.
The hobgoblin hits you with a club.
You die... "What!?
That's it?"

,** *#.*#.#......,,,,
*,*#, #.##.#......,
*,*#.##............#*
,*#................,,
<*####.##......... ,,
*,,* #.....(....#,#*,
#,,* #..........#.##.
#..####...............
#....@g{...#..........
##.####r#......)......
*,####......#...##.##
*,#.........#.......,
#.#.##.#.............
#...............#####
#.#.##.#.##.....####
#,#.##.#.##........#*
*,#.................,


You could see a hobgoblin (berserk) and a rat.

Vanquished Creatures
  An adder (D:2)
  A gnoll (D:1)
  An ooze (D:1)
  A giant cockroach (D:1)
  2 goblins
  2 hobgoblins (D:1)
  4 jackals (D:1)
  5 bats (D:1)
  5 kobolds
  5 rats (D:1)
27 creatures vanquished.

Notes
Turn   | Place    | Note
-------+----------+-------------------------------------------
     0 | D:1      | Keyn the Draconian Chaos Knight began the quest for the
                  | Orb.
     0 | D:1      | Reached XP level 1. HP: 19/19 MP: 1/1
    11 | D:1      | XOM: harmless Conj miscast
    91 | D:1      | Reached XP level 2. HP: 16/27 MP: 2/2
   151 | D:1      | XOM is BORED!
   151 | D:1      | XOM: medium Hex miscast
   154 | D:1      | XOM: confusion (+ monsters)
   159 | D:1      | XOM: harmless Tmut miscast
   177 | D:1      | XOM: harmless Ice miscast
   345 | D:1      | Reached XP level 3. HP: 33/33 MP: 3/3
   845 | D:2      | Reached skill level 4 in Fighting
   872 | D:2      | Noticed Sigmund
   884 | D:2      | XOM: divination: magic mapping
   895 | D:2      | Slain by a hobgoblin

Skill      XL: |  1  2  3 |
---------------+----------+-----
Fighting       | 4 |  4.1
Polearms       | |  3.5
Dodging        | |  2.5
Stealth        | |  0.4

Action                   || total
-------------------------++-------
Melee: Spear             ||    99
       Tailslap          ||     7
Armor: Skin              ||    43
Dodge: Dodged            ||    81
